Map: Abiogenesis LE

Players

Gustavo

  • Race: Protoss Protoss
  • League: Gold
  • Spawn Location: 11:00

fruitcake - Winner!

  • Race: Zerg Zerg
  • Spawn Location: 5:00

VOD

Have the link to the VOD?

Description

Time

  • Played on: May 9, 2018, 7:12 p.m.
  • Length: 26:18
Show
View Real Time Build Order
Export as new Build Order

Gustavo Protoss 

Build Orders: Nexus First 

Get SALT Encoding   

  12  0:46  Probe  
  13  0:54  Probe  
  13  1:00  Pylon  
  14  1:05  Nexus  
  14  1:10  Probe  
  14  1:18  Probe  
  15  1:19  Gateway  
  16  1:28  Gateway  
  16  1:31  Probe  
  17  1:45  Gateway  
  17  1:56  Probe  
  18  2:06  Assimilator  
  18  2:08  Probe  
  19  2:11  Zealot  
  21  2:17  Probe  
  21  2:19  Cybernetics Core  
  21  2:20  Probe  
  23  2:25  Probe  
  23  2:28  Zealot  
  26  2:35  Zealot  
  28  2:46  Assimilator, Probe  
  29  2:58  Probe  
  29  3:05  Probe  
  30  3:08  Probe  
  32  3:13  Probe  
  32  3:16  Probe  
  32  3:17  Warp Gate  
  33  3:25  Probe  
  34  3:28  Pylon  
  31  3:57  Stalker x3  
  31  4:02  Forge  
  35  4:12  Shield Battery  
  35  4:16  Pylon  
  35  4:17  Probe  
  35  4:21  Pylon  
  36  4:25  Probe  
  36  4:29  Pylon  
  39  4:31  Stalker x3  
  43  4:52  Photon Cannon  
  43  4:55  Probe  
  43  4:58  Gateway  
  44  5:02  Probe  
  44  5:03  Probe  
  45  5:11  Probe  
  46  5:14  Probe  
  46  5:15  Photon Cannon  
  48  5:25  Photon Cannon  
  48  5:26  Probe  
  49  5:28  Probe  
  50  5:36  Probe  
  50  5:40  Robotics Facility  
  51  5:46  Probe  
  52  5:52  Probe  
  53  5:57  Nexus  
  53  5:58  Probe  
  53  6:00  Probe  
  53  6:02  Assimilator  
  55  6:05  Assimilator  
  55  6:12  Pylon  
  55  6:17  Pylon  
  55  6:20  Stalker x2  
  59  6:29  Probe  
  59  6:37  Probe  
  59  6:38  Pylon  
  60  6:41  Assimilator  
  60  6:43  Immortal  
  65  6:51  Photon Cannon  
  65  6:53  Photon Cannon  
  65  7:02  Probe  
  65  7:06  Probe  
  66  7:10  Pylon, Probe  
  66  7:12  Probe  
  66  7:14  Probe  
  69  7:18  Probe  
  69  7:21  Probe  
  69  7:22  Probe  
  71  7:27  Probe  
  71  7:29  Probe  
  73  7:30  Probe  
  76  7:40  Pylon  
  76  7:50  Pylon, Sentry x2  
  76  7:51  Sentry  
  82  7:58  Photon Cannon  
  82  8:02  Pylon  
  82  8:03  Probe  
  83  8:08  Assimilator  
  83  8:13  Photon Cannon  
  83  8:15  Probe  
  83  8:16  Photon Cannon  
  83  8:19  Photon Cannon  
  84  8:23  Pylon  
  84  8:27  Probe  
  84  8:28  Zealot x2  
  84  8:29  Zealot  
  91  8:38  Robotics Facility  
  91  8:39  Robotics Facility  
  91  8:43  Pylon  
  91  8:47  Gateway  
  91  8:49  Observer  
  91  8:50  Probe  
  91  8:53  Pylon  
  93  8:58  Photon Cannon  
  93  8:59  Probe  
  93  9:00  Photon Cannon  
  93  9:08  Probe x2  
  95  9:13  Stalker x2  
  95  9:14  Stalker  
  102  9:20  Probe  
  102  9:21  Probe  
  104  9:28  Immortal  
  104  9:30  Immortal  
  112  9:33  Probe  
  113  9:55  Twilight Council  
  113  10:18  Zealot x2  
  113  10:19  Zealot  
  99  10:41  Stalker x4  
  83  11:12  Immortal x3  
  83  11:15  Stalker x4  
  103  11:25  Dark Shrine  
  103  11:33  Photon Cannon  
  103  11:40  Stalker  
  103  11:41  Stalker x2  
  103  11:42  Stalker  
  103  11:43  Photon Cannon  
  111  11:57  Gateway  
  111  11:58  Gateway  
  111  12:02  Gateway  
  91  12:42  Dark Templar  
  91  12:43  Dark Templar x3  
  74  12:52  Immortal  
  74  12:53  Immortal x2  
  76  13:19  Stalker x2  
  80  13:20  Stalker x4  
  80  13:21  Stalker x2  
  92  13:32  Gateway x2, Immortal  
  96  13:48  Immortal x2  
  104  13:51  Stalker x3  
  104  13:52  Stalker x4  
  104  13:53  Probe  
  118  14:02  Pylon, Probe  
  119  14:07  Pylon  
  120  14:11  Probe  
  120  14:12  Pylon  
  121  14:18  Blink  
  121  14:36  Nexus  
  121  14:59  Photon Cannon  
  121  15:01  Photon Cannon  
  121  15:05  Photon Cannon  
  121  15:09  Photon Cannon  
  121  15:19  Immortal  
  121  15:20  Immortal x2  
  133  15:29  Photon Cannon  
  133  15:32  Pylon  
  133  15:45  Pylon  
  133  15:50  Pylon  
  133  15:55  Dark Templar x2  
  137  16:03  Observer  
  138  16:06  Observer x2  
  98  17:05  Stalker x2  
  98  17:06  Stalker x2  
  98  17:07  Stalker x2  
  103  17:59  Immortal  
  103  18:00  Immortal x2  
  103  18:03  Zealot x2  
  103  18:04  Zealot x3  
  103  18:05  Zealot x3  
  129  18:10  Protoss Shields Level 1  
  131  18:37  Nexus  
  103  19:25  Immortal x3  
  103  19:29  Zealot  
  103  19:30  Zealot x4  
  103  19:31  Zealot x2  
  129  19:50  Sentry x3  
  129  19:51  Robotics Bay, Sentry  
  137  19:54  Stalker x2  
  137  19:55  Stalker x3  
  147  20:03  Charge, Probe  
  147  20:11  Probe  
  147  20:13  Assimilator  
  148  20:20  Photon Cannon  
  149  20:21  Probe  
  149  20:22  Photon Cannon  
  149  20:24  Photon Cannon  
  149  20:25  Photon Cannon  
  150  20:29  Shield Battery  
  150  20:45  Stalker  
  150  20:46  Stalker x2  
  156  21:02  Colossus  
  162  21:40  Disruptor  
  162  21:42  Disruptor  
  168  21:55  Pylon  
  168  22:07  Probe  
  169  22:16  Colossus, Probe  
  176  22:25  Probe  
  117  23:18  Stalker x6  
  117  23:19  Stalker x2  
  132  23:27  Immortal x2  
  99  24:22  Stalker x3  
  99  24:23  Stalker x2  
  109  24:47  Assimilator  
  109  25:04  Immortal  
  88  25:35  Dark Templar  
  68  25:36  Stalker  
  62  25:58  Stalker  
Show
View Real Time Build Order
Export as new Build Order

fruitcake Zerg - Winner!

Build Orders: Hatch First 

Get SALT Encoding   

  12  0:00  Drone  
  13  0:12  Overlord  
  13  0:21  Drone  
  14  0:44  Hatchery  
  14  0:46  Drone  
  14  1:05  Spawning Pool  
  14  1:09  Drone  
  14  1:13  Drone  
  14  1:17  Drone  
  16  1:23  Extractor  
  16  1:24  Drone  
  16  1:31  Drone  
  17  1:41  Drone  
  18  1:51  Queen  
  18  1:53  Zergling x2  
  21  1:59  Drone  
  22  2:04  Drone  
  23  2:10  Zergling x2  
  24  2:17  Overlord  
  24  2:25  Drone  
  24  2:27  Queen  
  27  2:33  Zergling x2  
  28  2:42  Drone x2  
  30  2:45  Zergling x2  
  31  2:57  Drone x2, Extractor  
  32  2:59  Lair  
  32  3:04  Drone x2  
  34  3:11  Zergling x2  
  35  3:17  Drone  
  36  3:24  Overlord x3  
  27  3:50  Zergling x4  
  27  3:53  Zergling x4  
  28  3:55  Drone  
  28  3:56  Drone x2  
  28  3:59  Queen  
  33  4:04  Zergling x6  
  33  4:05  Zergling x2  
  33  4:08  Metabolic Boost  
  37  4:14  Drone  
  38  4:19  Drone  
  38  4:23  Spine Crawler  
  38  4:28  Zergling x4  
  40  4:47  Roach Warren  
  40  4:50  Hydralisk Den  
  40  4:51  Drone x3  
  41  5:02  Drone x2  
  41  5:03  Drone  
  44  5:07  Extractor  
  44  5:08  Extractor  
  42  5:19  Drone x2  
  42  5:20  Overlord  
  42  5:21  Overlord  
  44  5:27  Roach  
  44  5:28  Roach  
  48  5:32  Roach  
  50  5:40  Evolution Chamber  
  49  5:43  Hydralisk  
  49  5:45  Roach  
  53  5:58  Spore Crawler, Drone x3  
  53  6:01  Drone x2  
  57  6:16  Zerg Ground Armor Level 1  
  57  6:18  Hydralisk  
  57  6:19  Roach  
  57  6:22  Roach  
  63  6:26  Drone x2  
  63  6:29  Drone  
  66  6:37  Roach  
  66  6:38  Ravager x2  
  70  6:45  Drone  
  70  6:46  Drone  
  72  6:48  Drone  
  72  6:51  Roach  
  72  6:53  Overlord x2  
  75  6:55  Zergling x2  
  76  7:16  Roach x2  
  76  7:18  Roach, Hatchery  
  76  7:21  Ravager  
  82  7:31  Ravager  
  83  7:44  Drone x2  
  83  7:45  Drone  
  83  7:46  Ravager  
  87  7:56  Drone x2  
  87  7:57  Drone x2  
  91  8:01  Ravager  
  91  8:03  Overlord x2  
  92  8:08  Overlord x2  
  92  8:10  Zerg Missile Weapons Level 1  
  92  8:13  Grooved Spines  
  94  8:34  Spore Crawler  
  94  8:36  Drone  
  94  8:37  Drone x3  
  94  8:40  Ravager x5  
  102  8:51  Hydralisk x3  
  106  8:55  Drone x2  
  106  8:56  Drone x6  
  106  8:57  Drone  
  115  9:06  Queen  
  115  9:07  Drone  
  118  9:13  Hydralisk, Extractor  
  118  9:14  Hydralisk x4  
  118  9:15  Extractor  
  126  9:25  Hydralisk x2  
  130  9:38  Overlord x7  
  130  10:03  Zerg Ground Armor Level 2  
  130  10:05  Hydralisk x5  
  130  10:06  Hydralisk  
  142  10:09  Hydralisk  
  144  10:17  Hydralisk x2  
  118  10:37  Hydralisk x5  
  118  10:38  Hydralisk x2  
  126  10:54  Hydralisk x4  
  130  11:01  Hydralisk x4  
  131  11:10  Roach x2  
  131  11:11  Roach x3  
  138  11:18  Drone x2  
  140  11:19  Drone  
  141  11:39  Hatchery  
  140  11:49  Roach  
  140  11:50  Roach x6  
  140  11:51  Ravager x4  
  140  11:52  Hydralisk  
  140  11:53  Roach x2  
  166  11:54  Roach  
  166  11:55  Ravager  
  167  12:10  Roach x5  
  177  12:19  Zerg Missile Weapons Level 2  
  154  12:39  Hydralisk x2  
  154  12:40  Hydralisk x6  
  154  12:41  Hydralisk x2  
  162  12:47  Roach x3  
  160  12:59  Ravager  
  160  13:05  Ravager x2  
  155  13:11  Overseer x3  
  143  13:17  Roach x5  
  143  13:18  Roach x2  
  143  13:19  Roach x5  
  164  13:36  Ravager  
  164  13:37  Ravager  
  166  14:00  Infestation Pit  
  165  14:09  Drone x3  
  168  14:12  Drone x4, Extractor  
  168  14:13  Drone x3, Extractor  
  168  14:15  Hydralisk  
  168  14:16  Hydralisk x4  
  181  14:19  Overlord  
  181  14:20  Overlord  
  183  14:24  Overlord  
  183  14:25  Overlord x2  
  183  14:38  Hydralisk x5  
  183  14:43  Hive  
  183  14:44  Spire  
  192  14:52  Overseer x2  
  192  15:12  Drone x2  
  194  15:17  Hydralisk  
  194  15:18  Hydralisk x2  
  200  15:22  Muscular Augments  
  200  15:24  Hatchery  
  199  15:42  Drone  
  200  15:48  Overlord  
  200  15:54  Zerg Missile Weapons Level 3  
  200  16:01  Ultralisk Cavern  
  199  16:05  Spore Crawler  
  183  16:49  Ultralisk x3  
  160  17:06  Ultralisk x8  
  186  17:18  Ultralisk  
  189  17:25  Drone x2  
  189  17:26  Drone x7  
  196  17:36  Ultralisk  
  198  17:52  Chitinous Plating  
  198  18:12  Overseer  
  198  18:13  Overseer  
  198  18:32  Zerg Ground Armor Level 3  
  150  19:00  Ultralisk  
  150  19:01  Ultralisk x5  
  145  19:12  Ultralisk  
  145  19:29  Ultralisk  
  151  19:46  Drone x3  
  151  19:49  Extractor x2  
  152  19:54  Ultralisk x2  
  152  19:59  Hatchery  
  163  20:06  Drone  
  163  20:07  Drone  
  165  20:18  Ultralisk x2  
  177  20:29  Drone x2  
  177  20:31  Drone  
  180  20:41  Infestor  
  182  20:44  Overlord x2  
  182  20:45  Overlord x4  
  182  20:51  Zerg Flyer Armor Level 1  
  182  20:55  Overseer x2  
  182  21:14  Drone  
  182  21:15  Drone x6  
  182  21:16  Drone x3  
  192  21:19  Infestor x4  
  200  21:54  Extractor  
  199  21:57  Infestor, Extractor  
  152  22:44  Ultralisk x3  
  132  22:45  Ultralisk x4  
  132  22:46  Ultralisk  
  150  22:58  Zergling x6  
  141  22:59  Zergling x10  
  141  23:02  Zergling x2  
  141  23:03  Zergling x8  
  141  23:04  Zergling x2  
  141  23:05  Zergling x4, Ultralisk  
  155  23:06  Zergling x12  
  160  23:31  Zergling x2  
  161  23:42  Zerg Melee Weapons Level 1  
  161  23:46  Infestor  
  164  23:51  Zergling x2  
  164  23:52  Zergling x54  
  164  23:53  Zergling x6  
  169  24:11  Ultralisk x2  
  179  24:31  Hatchery  
  178  24:59  Hatchery  
  177  25:01  Ultralisk x2  
  150  25:53  Zergling x14  
Tags
 
Add a new tag
Caveats
  • Supply blocks, unpowered buildings, or Contaminate may cause inaccurate times.
  • Supply counts are checked every 10 seconds.